 Dungeon Sprint DCSS version 0.32-a0-450-g080537f31e (webtiles) character file.

Game seed: 6036761611030012331

10100000 adelrune the Intangible (level 27, -12/228 HPs)
             Began as a Djinni Warper on Feb 23, 2024.
             Was the Champion of Makhleb.
             Killed from afar by The Defiler (33 damage)
             ... with a fireball
             ... in the Dungeon (Sprint VIII: "Arena of Blood").
             The game lasted 00:03:02 (101 turns).

adelrune the Intangible (Djinni Warper)              Turns: 101, Time: 00:03:03

Health: -12/228    AC:  6    Str: 10    XL:     27
Gold:   0          EV: 36    Int: 17    God:    Makhleb [******] SH:  0 Dex: 25

rFire   + + .        i - +∞ Axe of Woe
rCold   x . .        (shield currently unavailable)
rNeg    . . .        b - +0 leather armour
rPois   ∞            (no helmet)
rElec   .            (no cloak)
rCorr   .            (no gloves)
SInv    .            (boots unavailable)
Will    ++...        (no amulet)
Stlth   ++++++++++   (no ring)
HPRegen 0.58/turn    (no ring)
MPRegen 0.00/turn

%: no teleportation, infuse magic (-13 HP)
@: flying, slowed, very slow
A: sickness immunity, fire resistance 2, cold vulnerability 1, float, innate
caster, HP casting, extra vitality 1
a: Renounce Religion, Minor Destruction, Lesser Servant of Makhleb, Major
Destruction, Greater Servant of Makhleb


You were in the Dungeon.
You worshipped Makhleb.
Makhleb was exalted by your worship.
You visited 1 branch

Inventory:

Hand Weapons
 a - a +0 hand axe
 i - the +∞ Axe of Woe (weapon)
   (You found it in the Dungeon)
Missiles
 d - 7 darts of dispersal (quivered)
Armour
 b - a +0 leather armour (worn)
Scrolls
 c - 2 scrolls of blinking
Potions
 e - a potion of curing
 f - a potion of heal wounds
 g - a potion of haste
 h - a potion of berserk rage


   Skills:
 O Level 27 Fighting
 O Level 27 Short Blades
 O Level 27 Long Blades
 O Level 27 Axes
 O Level 27 Maces & Flails
 O Level 27 Polearms
 O Level 27 Staves
 O Level 27 Ranged Weapons
 O Level 27 Throwing
 O Level 27 Armour
 O Level 27 Dodging
 O Level 27 Stealth
 O Level 27 Shields
 O Level 27 Unarmed Combat
 O Level 27 Spellcasting
 O Level 27 Conjurations
 O Level 27 Hexes
 O Level 27 Summonings
 O Level 27 Necromancy
 O Level 27 Translocations
 O Level 27 Fire Magic
 O Level 27 Ice Magic
 O Level 27 Air Magic
 O Level 27 Earth Magic
 O Level 27 Alchemy
 O Level 27 Invocations
 O Level 27 Evocations
 O Level 27 Shapeshifting


You knew the following spells:

 Your Spells              Type           Power      Damage    Failure   Level
a - Blink                 Tloc           100%       N/A       0%          2
b - Lesser Beckoning      Tloc           100%       N/A       0%          2
c - Teleport Other        Tloc           86%        N/A       0%          3
d - Manifold Assault      Tloc           86%        N/A       0%          4
e - Vhi's Electric Charg  Tloc/Air       100%       N/A       0%          4
f - Freeze                Ice            100%       1d10      0%          1
g - Ensorcelled Hibernat  Hex/Ice        100%       N/A       0%          2
h - Scorch                Fire           100%       2d9       0%          2
i - Dispel Undead         Necr           86%        3d28      0%          4
j - Fulminant Prism       Conj/Alch      43%        3d19      0%          4
k - Summon Mana Viper     Hex/Summ       86%        N/A       0%          5
l - Starburst             Conj/Fire      43%        6d12      0%          6
m - Monstrous Menagerie   Summ           43%        N/A       1%          7
n - Conjure Ball Lightni  Conj/Air       43%        3x3d15    0%          6
o - Spellforged Servitor  Conj/Summ      43%        N/A       1%          7
p - Maxwell's Capacitive  Air            43%        ∞         1%          8
q - Death's Door          Necr           43%        N/A       2%          9
r - Polar Vortex          Ice            43%        12d5*     2%          9
Your spell library was empty.

Dungeon Overview and Level Annotations

Branches:
Dungeon (1/1)

Altars:
Makhleb

Annotations:
D The Defiler


Innate Abilities, Weirdness & Mutations

You are immune to sickness and miasma.
You are immune to poison.
Your flesh is very heat resistant. (rF++)
You are vulnerable to cold. (rC-)
You float through the air rather than walking.
You learn spells naturally, not from books.
Your magical power is your life essence.
You have superior vitality. (+4 MHP)


Message History

You hit the bag of meat but do no damage.
You fatally mangle the bag of meat.
You kill the bag of meat!
Makhleb accepts your kill.
You feel better.
You feel extremely nervous for a moment...
Your body is wracked with pain!
The meat beast bites you. The meat beast completely misses you.
You feel something staring at you.
A fireball appears from out of thin air!
The fireball explodes!
Deactivating autopickup; reactivate with Ctrl-A.
The fireball engulfs you!! You resist.
* * * LOW HITPOINT WARNING * * *
The meat beast bleats, "I shall feast on thy brain!"
The meat beast misses you. The meat beast barely misses you.
An eight-headed meat hydra comes into view.
The Defiler comes into view.
He is wielding a +9 heavy demon whip.
You feel something staring at you. Something smites you!
* * * LOW HITPOINT WARNING * * *
The Defiler shouts!
You hear a shout! x3
You slice the meat beast!!
You cleave the meat beast in twain.
You kill the meat beast!
Makhleb accepts your kill.
You feel better.
You feel something staring at you.
A fireball appears from out of thin air!
The fireball explodes!
The fireball engulfs you!! You resist.
* * * LOW HITPOINT WARNING * * *
You feel something staring at you.
A fireball appears from out of thin air!
The fireball explodes!
The fireball engulfs you! You resist.
* * * LOW HITPOINT WARNING * * *
An accursed comes into view.
Your spellforged servitor is engulfed in blazing flames.
A bag of meat comes into view. It is wielding a +9 war axe.
The Defiler throws fire at you.
The fireball explodes!
The fireball engulfs you!! You resist.
You die...

#).. .)# . #.M.
).# .)###.)○
..###)
.))).))###...)))
...)oD.§§§{.)).
#.)°§)# .
#_§§§_# ...
§.L#).)9)#.....
..)§).._@)))†...
)☼§..)###)..){).
.)###... ..###).
. #.). ))# #)..
.)# ).... @)) ..
..). ....


You could see an accursed, a tyrant, an eight-headed meat hydra, The Defiler, a
bag of meat and a friendly spellforged servitor (summoned).

Vanquished Creatures
  Sigmund (D)
  11 hell beasts (D)
  11 royal mummies (D)
  7 wraiths (D)
  2 great orbs of eyes (D)
  Harold (D)
  13 vampire knights (D)
  44 ogres (D)
  11 two-headed ogres (D)
  3 liches (D)
  6 hydras (D)
  6 phantoms (D)
  103 orcs (D)
  14 skeletal warriors (D)
233 creatures vanquished.

Notes
Turn   | Place    | Note
-------+----------+-------------------------------------------
     0 | D        | Found the +∞ Axe of Woe
     0 | D        | adelrune the Djinni Warper began the quest for the Orb.
     0 | D        | adelrune set off with the following spells memorised:
                  | Blink, Lesser Beckoning, Teleport Other, Manifold Assault,
                  | Vhi's Electric Charge.
     0 | D        | Reached XP level 1. HP: 18/18 MP: 0/0
     2 | D        | Noticed a bag of meat
     3 | D        | Noticed a bag of meat
     4 | D        | Became a worshipper of Makhleb the Destroyer
     5 | D        | Noticed a bag of meat
     6 | D        | Noticed a bag of meat
     6 | D        | Noticed a meat berserker
     6 | D        | Noticed a bag of meat
     7 | D        | Killed a bag of meat
     7 | D        | Noticed a meat berserker
     7 | D        | Noticed a meat berserker
     7 | D        | Noticed a bag of meat
     8 | D        | Reached skill level 15 in Fighting
     8 | D        | Reached skill level 15 in Dodging
     8 | D        | Reached XP level 2. HP: 43/43 MP: 0/0
     8 | D        | Reached XP level 3. HP: 49/49 MP: 0/0
     8 | D        | Learned a level 1 spell: Freeze
     8 | D        | Reached XP level 4. HP: 55/55 MP: 0/0
     8 | D        | Reached XP level 5. HP: 60/60 MP: 0/0
     8 | D        | Learned a level 2 spell: Ensorcelled Hibernation
     8 | D        | Reached XP level 6. HP: 67/67 MP: 0/0
     8 | D        | Reached XP level 7. HP: 72/72 MP: 0/0
     8 | D        | Learned a level 2 spell: Scorch
     8 | D        | Reached XP level 8. HP: 78/78 MP: 0/0
     8 | D        | Reached XP level 9. HP: 84/84 MP: 0/0
     8 | D        | Learned a level 4 spell: Dispel Undead
     8 | D        | Reached XP level 10. HP: 90/90 MP: 0/0
     8 | D        | Reached XP level 11. HP: 95/95 MP: 0/0
     8 | D        | Learned a level 4 spell: Fulminant Prism
     8 | D        | Noticed a meat berserker
     8 | D        | Noticed a bag of meat
     9 | D        | Killed a meat berserker
     9 | D        | Reached * piety under Makhleb
     9 | D        | Killed a meat berserker
     9 | D        | Noticed a meat berserker
    10 | D        | Reached skill level 5 in Throwing
    10 | D        | Reached XP level 12. HP: 49/112 MP: 0/0
    10 | D        | Reached XP level 13. HP: 51/118 MP: 0/0
    10 | D        | Learned a level 5 spell: Summon Mana Viper
    10 | D        | Reached XP level 14. HP: 55/125 MP: 0/0
    10 | D        | Killed a bag of meat
    10 | D        | Killed a meat berserker
    10 | D        | Reached ** piety under Makhleb
    10 | D        | Noticed a bag of meat
    11 | D        | Reached XP level 15. HP: 60/137 MP: 0/0
    11 | D        | Learned a level 6 spell: Starburst
    12 | D        | Killed a meat berserker
    12 | D        | Reached *** piety under Makhleb
    13 | D        | Reached XP level 16. HP: 100/150 MP: 0/0
    14 | D        | Killed a meat berserker
    14 | D        | Reached **** piety under Makhleb
    15 | D        | Reached skill level 27 in Fighting
    15 | D        | Reached skill level 10 in Armour
    15 | D        | Reached skill level 27 in Dodging
    15 | D        | Reached XP level 17. HP: 74/160 MP: 0/0
    15 | D        | Learned a level 7 spell: Monstrous Menagerie
    19 | D        | Reached skill level 27 in Axes
    19 | D        | Reached ***** piety under Makhleb
    19 | D        | Noticed a destroyer
    20 | D        | Reached skill level 10 in Throwing
    20 | D        | Killed a destroyer
    21 | D        | Reached XP level 18. HP: 167/167 MP: 0/0
    21 | D        | Noticed a meat berserker
    22 | D        | Reached XP level 19. HP: 174/174 MP: 0/0
    22 | D        | Learned a level 6 spell: Conjure Ball Lightning
    22 | D        | Killed a meat berserker
    22 | D        | Reached ****** piety under Makhleb
    22 | D        | Noticed a large bag of meat
    23 | D        | Reached skill level 15 in Armour
    23 | D        | Killed a large bag of meat
    23 | D        | Noticed a meat berserker
    24 | D        | Reached skill level 27 in Spellcasting
    24 | D        | Reached skill level 27 in Conjurations
    24 | D        | Reached skill level 27 in Hexes
    24 | D        | Reached skill level 27 in Summonings
    24 | D        | Reached skill level 27 in Necromancy
    24 | D        | Reached skill level 27 in Translocations
    24 | D        | Reached skill level 27 in Fire Magic
    24 | D        | Reached skill level 27 in Ice Magic
    24 | D        | Reached skill level 27 in Air Magic
    24 | D        | Reached skill level 27 in Earth Magic
    24 | D        | Reached skill level 27 in Alchemy
    24 | D        | Killed a meat berserker
    25 | D        | Reached XP level 20. HP: 181/181 MP: 0/0
    27 | D        | Reached skill level 27 in Armour
    27 | D        | Reached XP level 21. HP: 187/187 MP: 0/0
    27 | D        | Learned a level 7 spell: Spellforged Servitor
    27 | D        | Noticed a large bag of meat
    28 | D        | Noticed a large bag of meat
    29 | D        | Killed a large bag of meat
    29 | D        | Noticed a destroyer
    29 | D        | Noticed a meat berserker
    29 | D        | Noticed a meat berserker
    30 | D        | Reached skill level 27 in Throwing
    30 | D        | Killed a meat berserker
    30 | D        | Killed a destroyer
    30 | D        | Killed a large bag of meat
    30 | D        | Killed a meat berserker
    31 | D        | Reached skill level 10 in Shields
    31 | D        | Reached skill level 10 in Unarmed Combat
    31 | D        | Reached skill level 10 in Invocations
    31 | D        | Reached skill level 10 in Evocations
    31 | D        | Reached XP level 22. HP: 194/194 MP: 0/0
    32 | D        | Reached skill level 10 in Short Blades
    32 | D        | Reached skill level 10 in Long Blades
    32 | D        | Reached skill level 10 in Staves
    32 | D        | Reached skill level 10 in Stealth
    33 | D        | Noticed a meat berserker
    33 | D        | Noticed a meat berserker
    34 | D        | Reached skill level 10 in Maces & Flails
    34 | D        | Reached skill level 10 in Polearms
    34 | D        | Reached skill level 10 in Ranged Weapons
    34 | D        | Reached skill level 10 in Shapeshifting
    34 | D        | Reached XP level 23. HP: 201/201 MP: 0/0
    34 | D        | Learned a level 8 spell: Maxwell's Capacitive Coupling
    37 | D        | Reached skill level 15 in Shields
    37 | D        | Reached skill level 15 in Unarmed Combat
    37 | D        | Reached skill level 15 in Invocations
    37 | D        | Reached skill level 15 in Evocations
    37 | D        | Noticed a large bag of meat
    38 | D        | Reached XP level 24. HP: 208/208 MP: 0/0
    38 | D        | Killed a large bag of meat
    39 | D        | Reached skill level 15 in Short Blades
    39 | D        | Reached skill level 15 in Long Blades
    39 | D        | Reached skill level 15 in Staves
    39 | D        | Reached skill level 15 in Stealth
    41 | D        | Reached skill level 15 in Maces & Flails
    41 | D        | Reached skill level 15 in Polearms
    41 | D        | Reached skill level 15 in Ranged Weapons
    41 | D        | Reached skill level 15 in Shapeshifting
    44 | D        | Reached XP level 25. HP: 214/214 MP: 0/0
    44 | D        | Learned a level 9 spell: Death's Door
    45 | D        | Noticed a large bag of meat
    46 | D        | Killed a large bag of meat
    46 | D        | Noticed an accursed
    47 | D        | Killed an accursed
    47 | D        | Noticed an accursed
    48 | D        | Reached XP level 26. HP: 111/221 MP: 0/0
    49 | D        | Killed an accursed
    49 | D        | Noticed an accursed
    50 | D        | Reached XP level 27. HP: 211/228 MP: 0/0
    50 | D        | Learned a level 9 spell: Polar Vortex
    50 | D        | Killed an accursed
    50 | D        | Noticed a destroyer
    51 | D        | Noticed a destroyer
    51 | D        | Killed a destroyer
    51 | D        | Noticed a destroyer
    51 | D        | Noticed a destroyer
    52 | D        | Noticed an accursed
    52 | D        | Killed a destroyer
    53 | D        | Killed an accursed
    53 | D        | Noticed a large bag of meat
    53 | D        | Noticed a destroyer
    54 | D        | Reached skill level 27 in Shields
    54 | D        | Reached skill level 27 in Unarmed Combat
    54 | D        | Reached skill level 27 in Invocations
    54 | D        | Reached skill level 27 in Evocations
    54 | D        | Killed a destroyer
    54 | D        | Noticed a destroyer
    55 | D        | Killed a destroyer
    55 | D        | Noticed a destroyer
    56 | D        | Reached skill level 27 in Short Blades
    56 | D        | Reached skill level 27 in Long Blades
    56 | D        | Reached skill level 27 in Staves
    56 | D        | Reached skill level 27 in Stealth
    56 | D        | Killed a destroyer
    56 | D        | Killed a destroyer
    56 | D        | Noticed a large bag of meat
    57 | D        | Reached skill level 27 in Maces & Flails
    57 | D        | Reached skill level 27 in Polearms
    57 | D        | Reached skill level 27 in Ranged Weapons
    57 | D        | Reached skill level 27 in Shapeshifting
    58 | D        | Noticed a tyrant
    58 | D        | Killed a large bag of meat
    58 | D        | Killed a destroyer
    58 | D        | Killed a tyrant
    58 | D        | Noticed a destroyer
    59 | D        | Killed a large bag of meat
    59 | D        | Noticed The Servant
    61 | D        | Killed a destroyer
    61 | D        | Killed The Servant
    62 | D        | Noticed a destroyer
    62 | D        | Noticed a large bag of meat
    63 | D        | Noticed a dread
    63 | D        | Killed a destroyer
    63 | D        | Killed a dread
    63 | D        | Noticed The Captor
    65 | D        | Killed a large bag of meat
    66 | D        | Killed The Captor
    67 | D        | Noticed a dread
    67 | D        | Killed a dread
    70 | D        | Noticed a dread
    70 | D        | Noticed a meat beast
    70 | D        | Killed a dread
    70 | D        | Killed a meat beast
    70 | D        | Noticed a dread
    71 | D        | Noticed a dread
    71 | D        | Killed a dread
    72 | D        | Killed a dread
    74 | D        | Noticed a dread
    75 | D        | Killed a dread
    76 | D        | Noticed a dread
    76 | D        | Noticed a tyrant
    77 | D        | Killed a tyrant
    77 | D        | Killed a dread
    78 | D        | Noticed a tyrant
    78 | D        | Noticed a large bag of meat
    79 | D        | Killed a tyrant
    79 | D        | Killed a large bag of meat
    80 | D        | Noticed a destroyer
    81 | D        | Killed a destroyer
    81 | D        | Noticed a meat beast
    81 | D        | Noticed an accursed
    82 | D        | Killed a meat beast
    82 | D        | Killed an accursed
    83 | D        | Noticed a meat beast
    84 | D        | Noticed an accursed
    85 | D        | Killed an accursed
    90 | D        | Noticed a meat beast
    90 | D        | Noticed a large bag of meat
    90 | D        | Noticed a destroyer
    91 | D        | Noticed an accursed
    91 | D        | Noticed a meat beast
    92 | D        | Killed a destroyer
    92 | D        | Killed a meat beast
    92 | D        | Noticed a large bag of meat
    93 | D        | Killed a large bag of meat
    93 | D        | Noticed a meat beast
    93 | D        | Noticed a meat beast
    93 | D        | Noticed an accursed
    94 | D        | Killed a meat beast
    94 | D        | Killed a meat beast
    94 | D        | Killed a meat beast
    94 | D        | Noticed a meat beast
    94 | D        | Noticed an accursed
    95 | D        | Killed an accursed
    95 | D        | Killed a meat beast
    95 | D        | Killed an accursed
    95 | D        | Noticed a meat beast
    95 | D        | Noticed a meat beast
    96 | D        | Killed a meat beast
    96 | D        | Killed a meat beast
    96 | D        | Killed an accursed
    96 | D        | Noticed a meat beast
    97 | D        | Killed a meat beast
    97 | D        | Noticed an accursed
    99 | D        | Killed a large bag of meat
    99 | D        | Killed an accursed
    99 | D        | Noticed a tyrant
    99 | D        | Noticed an accursed
   100 | D        | Killed an accursed
   100 | D        | Noticed The Defiler
   101 | D        | Killed a meat beast
   101 | D        | Noticed an accursed
   101 | D        | Killed from afar by The Defiler

Illustrated notes

Levels and vault maps discovered:
D:        meatsprint

Skill      XL: |  1  2  3  4  5  6  7  8  9 10 11 12 13 14 15 16 17 18 19 20 21 22 23 24 25 26 27 |
---------------+----------------------------------------------------------------------------------+-----
Fighting       | 15 20 22 25 27 | 27.0
Axes           | 12 18 20 23 26 27 | 27.0
Throwing       | 3 5 6 7 9 11 12 19 24 27 | 27.0
Armour         | 4 6 7 9 10 13 14 22 27 | 27.0
Dodging        | 15 21 23 26 27 | 27.0
Spellcasting   | 20 24 27 | 27.0
Conjurations   | 20 24 27 | 27.0
Hexes          | 20 24 27 | 27.0
Summonings     | 20 24 27 | 27.0
Necromancy     | 20 24 27 | 27.0
Translocations | 20 24 27 | 27.0
Fire Magic     | 20 24 27 | 27.0
Ice Magic      | 20 24 27 | 27.0
Air Magic      | 20 24 27 | 27.0
Earth Magic    | 20 24 27 | 27.0
Alchemy        | 20 24 27 | 27.0
Short Blades   | 9 11 14 17 20 22 27 | 27.0
Long Blades    | 9 11 14 17 20 22 27 | 27.0
Maces & Flails | 9 10 13 16 18 20 27 | 27.0
Polearms       | 9 10 13 16 18 20 27 | 27.0
Staves         | 9 11 14 17 20 22 27 | 27.0
Ranged Weapons | 9 10 13 16 18 20 27 | 27.0
Stealth        | 9 11 14 17 20 22 27 | 27.0
Shields        | 10 12 15 19 21 23 27 | 27.0
Unarmed Combat | 10 12 15 19 21 23 27 | 27.0
Invocations    | 10 12 15 19 21 23 27 | 27.0
Evocations     | 10 12 15 19 21 23 27 | 27.0
Shapeshifting  | 9 10 13 16 18 20 27 | 27.0

Action                     |  1- 3 |  4- 6 |  7- 9 | 10-12 | 13-15 | 16-18 | 19-21 | 22-24 | 25-27 || total
---------------------------+-------+-------+-------+-------+-------+-------+-------+-------+-------++-------
  Melee: Executioner's axe |     1 |       |       |     1 |     4 |    10 |    20 |    25 |   159 ||   220
   Cast: Manifold Assault  |       |       |       |       |     1 |     3 |     7 |    11 |    50 ||    72
         Spellforged Servi |       |       |       |       |       |       |     1 |       |     1 ||     2
 Armour: Leather armour    |       |       |       |     1 |       |     1 |       |       |    31 ||    33
  Dodge: Dodged            |       |       |       |       |       |       |       |       |    17 ||    17

Table legend: (Time is in decaauts)
 A = Elapsed time spent in this place.
 B = Non-inter-level travel time spent in this place.
 C = Inter-level travel time spent in this place.
 D = Time resting spent in this place.
 E = Time spent auto-exploring this place.
 F = Levels seen in this place.
 G = Mean time per level.
                   A        B        C        D        E       F      G
               +--------+--------+--------+--------+--------+-----+--------+
         Total |     83 |     83 |      0 |      0 |      0 |   1 |   83.0 |
       Dungeon |     83 |     83 |      0 |      0 |      0 |   1 |   83.0 |
               +--------+--------+--------+--------+--------+-----+--------+

Top non-repeatable levels by time:
       D: 83 daAuts
